 Dungeon Crawl Stone Soup version 0.30-a0-250-g41c1d76940 (webtiles) character file.

Game seed: 8200125767099505633

800 porpoise the Poker (level 7, 0/84 HPs)
             Began as a Demonspawn Gladiator on Oct 13, 2022.
             Slain by a gnoll sergeant
             ... wielding a +2 trident of freezing
              (4 damage)
             ... on level 6 of the Dungeon.
             The game lasted 00:15:41 (5188 turns).

porpoise the Poker (Demonspawn Gladiator)           Turns: 5188, Time: 00:15:42

Health: 0/84       AC:  7    Str: 17    XL:     7   Next: 59%
Magic:  7/7        EV: 11    Int:  9    God:
Gold:   218        SH:  0    Dex: 14    Spells: 6/6 levels left

rFire   . . .      SeeInvis .    a - +0 trident
rCold   . . .      Faith    .    (no shield)
rNeg    . . .      Spirit   .    F - +0 ring mail
rPois   .          Reflect  .    (helmet restricted)
rElec   .          Harm     .    (no cloak)
rCorr   .          Rampage  .    (no gloves)
Will    +....                    (no boots)
Stlth   ..........               t - amulet of regeneration
HPRegen 1.14/turn                A - ring of willpower
MPRegen 0.10/turn                (no ring)

@: berserking, very quick
A: horns 1, icy blue scales 1, ignite blood 1, powered by death 1
a: no special abilities


You were on level 6 of the Dungeon.
You visited 1 branch of the dungeon, and saw 6 of its levels.

You collected 308 gold pieces.
You spent 90 gold pieces at shops.

Inventory:

Hand Weapons
 a - a +0 trident (weapon)
 b - a +0 sling
 w - the +3 quarterstaff "Testudine's Curse" {spect, Int+4}
   (You found it on level 3 of the Dungeon)

   When its wielder attacks, the weapon's spirit leaps out and strikes again.
   The spirit shares a part of any damage it takes with its wielder.
   Int:       It affects your intelligence (+4).
 x - the +4 dagger "Morg" {pain, Will+ Int+5}
   (You found it on level 2 of the Dungeon)

   In the hands of one skilled in necromantic magic, it inflicts extra damage on
   living creatures.
   Int:       It affects your intelligence (+5).
   Will:      It increases your willpower.
 y - a +2 dagger of speed
Missiles
 d - 5 throwing nets
 e - a javelin
 r - a poisoned dart (quivered)
Armour
 h - a +0 kite shield
 q - a +1 buckler
 F - a +0 ring mail (worn)
Magical Staves
 g - a staff of death
Jewellery
 t - an amulet of regeneration (around neck)
 A - a ring of willpower (left hand)
Wands
 c - a wand of flame (7)
Scrolls
 i - a scroll of immolation {unknown}
 k - a scroll of teleportation
 n - a scroll of fog
 o - 2 scrolls of enchant armour
 s - a scroll of poison {unknown}
 u - a scroll of enchant weapon {unknown}
 v - a scroll of amnesia {unknown}
 B - a scroll of torment {unknown}
 D - 2 scrolls of blinking
Potions
 f - a potion of ambrosia
 l - 3 potions of flight
 z - a potion of cancellation {unknown}
 C - 3 potions of attraction
 E - a potion of might {unknown}
 G - a potion of berserk rage


   Skills:
 + Level 5.2 Fighting
 * Level 7.0 Polearms
 - Level 1.7 Throwing
 - Level 2.6 Dodging


You had 6 spell levels left.
You didn't know any spells.
Your spell library contained the following spells:

 Spells                   Type           Power      Damage    Failure   Level
 Blink                    Tloc           0%         N/A       75%         2
 Scorch                   Fire           0%         2d5       75%         2
 Flame Wave               Conj/Fire      0%         2d4       100%        4
 Manifold Assault         Tloc           0%         N/A       100%        4
 Summon Cactus Giant      Summ           0%         N/A       100%        6
 Storm Form               Tmut/Air       0%         N/A       100%        7


Dungeon Overview and Level Annotations

Branches:
Dungeon (6/15)
 Temple: D:4-7

Altars:

Shops:
D:6 ?[


Innate Abilities, Weirdness & Mutations

You have a pair of small horns on your head.
You are partially covered in icy blue scales. (AC +2)
Your demonic aura sometimes causes spilled blood to erupt in flames.
You regenerate a little health from kills.


Message History

You feel much better. The gnoll hits you but does no damage.
The gnoll sergeant hits you with a +2 trident of freezing!
The gnoll sergeant freezes you.
You hit the gnoll. You headbutt the gnoll.
The gnoll is almost dead.
The gnoll hits you with a +0 spear.
* * * LOW HITPOINT WARNING * * *
The gnoll sergeant hits you with a +2 trident of freezing.
* * * LOW HITPOINT WARNING * * *
The gnoll sergeant freezes you.
* * * LOW HITPOINT WARNING * * *
Okay, then.
Unknown command.
As you read the scroll of fear, it crumbles to dust.
You assume a fearsome visage.
The gnoll sergeant looks frightened!
The gnoll looks frightened!
Reach: a) +0 trident
Press: ? - help, Dir - move target, f - gnoll sergeant
Aim: a gnoll sergeant, wielding a +2 trident of freezing, wearing a +0 ring mail and wearing a +2 buckler (heavily wounded, fleeing, about 30% to evade your +0 trident)
You reach to attack!
The gnoll sergeant blocks your attack.
Your attack snaps the gnoll sergeant out of its fear.
The gnoll sergeant is heavily wounded.
The gnoll sergeant hits you from afar with a +2 trident of freezing!
* * * LOW HITPOINT WARNING * * *
The gnoll sergeant freezes you.
* * * LOW HITPOINT WARNING * * *
You feel better.
The gnoll sergeant hits you from afar with a +2 trident of freezing!
* * * LOW HITPOINT WARNING * * *
The gnoll sergeant freezes you.
* * * LOW HITPOINT WARNING * * *
You feel better.
The gnoll sergeant hits you from afar with a +2 trident of freezing.
* * * LOW HITPOINT WARNING * * *
The gnoll sergeant freezes you.
* * * LOW HITPOINT WARNING * * *
A red film seems to cover your vision as you go berserk!
You feel yourself moving faster!
You feel mighty!
The gnoll sergeant hits you from afar with a +2 trident of freezing.
You die...

########+###........$
......................#
......................#
......................#
...........∩..........#
...........†..........#
############.?g.......#
# +.........g# #
#.(.)@.(...# #
##########.# # # # # #
# #


You could see a gnoll sergeant and a gnoll (fleeing).

Vanquished Creatures
  A black bear (D:5)
  An ogre (D:6)
  A phantom (D:5)
  A scorpion (D:6)
  A jelly (D:5)
  A hound (D:4)
  An orc priest (D:6)
  An iguana (D:5)
  4 orc wizards (D:5)
  4 adders
  8 gnolls
  A shadow imp (D:5)
  3 ufetubi
  A worm (D:1)
  6 dart slugs
  17 orcs
  6 endoplasms
  A giant cockroach (D:1)
  8 goblins
  6 hobgoblins
  3 quokkas
  7 ball pythons
  2 bats
  5 frilled lizards
  8 kobolds
  8 rats
106 creatures vanquished.

Notes
Turn   | Place    | Note
-------+----------+-------------------------------------------
     0 | D:1      | porpoise the Demonspawn Gladiator began the quest for the
                  | Orb.
     0 | D:1      | Reached XP level 1. HP: 16/16 MP: 1/1
    73 | D:1      | Reached skill level 3 in Polearms
   146 | D:1      | Gained mutation: Your demonic aura sometimes causes spilled
                  | blood to erupt in flames. [demonic ancestry]
   146 | D:1      | Reached XP level 2. HP: 19/22 MP: 2/2
   713 | D:1      | Gained mutation: You regenerate a little health from kills.
                  | [demonic ancestry]
   713 | D:1      | Reached XP level 3. HP: 9/28 MP: 3/3
  1545 | D:2      | Found the +4 dagger "Morg" {pain, Will+ Int+5}
  1562 | D:2      | Reached skill level 4 in Polearms
  1740 | D:2      | Found a faded altar of an unknown god.
  1820 | D:2      | Reached XP level 4. HP: 34/34 MP: 4/4
  2226 | D:3      | Identified the +3 quarterstaff "Testudine's Curse" {spect,
                  | Int+4}
  2503 | D:3      | Gained mutation: You are partially covered in icy blue
                  | scales. (AC +2) [demonic ancestry]
  2503 | D:3      | Reached XP level 5. HP: 38/41 MP: 5/5
  3413 | D:5      | Entered Level 5 of the Dungeon
  3548 | D:5      | Reached skill level 5 in Polearms
  3720 | D:5      | Noticed a phantom
  3732 | D:5      | Killed a phantom
  3733 | D:5      | Gained mutation: You have a pair of small horns on your
                  | head. [demonic ancestry]
  3733 | D:5      | Reached XP level 6. HP: 43/48 MP: 6/6
  3942 | D:5      | Reached skill level 6 in Polearms
  4107 | D:5      | Reached XP level 7. HP: 37/55 MP: 7/7
  5031 | D:6      | Found Vizyloy's Magic Scroll Shoppe.
  5042 | D:6      | Reached skill level 5 in Fighting
  5121 | D:6      | Found Kyavom's Magic Scroll Emporium.
  5133 | D:6      | Bought a scroll of blinking for 90 gold pieces
  5141 | D:6      | Found Butanecs's Antique Armour Emporium.
  5171 | D:6      | Reached skill level 7 in Polearms
  5185 | D:6      | HP: 2/56 [gnoll sergeant/+2 trident of freezing (1)]
  5188 | D:6      | Slain by a gnoll sergeant

Illustrated notes

Levels and vault maps discovered:
D:1:      wander_arrival_estate, layout_loops_ring
D:2:      layout_rooms, shapermc_ecumenical_altar_mp_vishouse
D:3:      layout_basic
D:4:      layout_loops_corners
D:5:      layout_basic, kennysheep_flooded_box
D:6:      layout_gridville, temple_green, serial_shops,
          nicolae_inconvenience_store, nicolae_diamond_shop, shop,
          nicolae_shop_stone, shop

Skill      XL: |  1  2  3  4  5  6  7 |
---------------+----------------------+-----
Polearms       | 3 4 5 6 7 |  7.0
Fighting       | 3 4 5 |  5.2
Throwing       | |  1.7
Dodging        | |  2.6

Action                   |  1- 3 |  4- 6 |  7- 9 || total
-------------------------+-------+-------+-------++-------
Melee: Trident           |   150 |   149 |    94 ||   393
       Dagger            |     2 |       |       ||     2
       Punch             |     1 |     2 |       ||     3
       Quarterstaff      |       |    13 |       ||    13
       Headbutt          |       |     9 |    21 ||    30
 Fire: Sling             |       |     8 |     4 ||    12
Throw: Dart              |       |       |     6 ||     6
  Use: Scroll            |       |    11 |     1 ||    12
       Potion            |       |       |     5 ||     5
 Stab: Sleeping          |     1 |     2 |       ||     3
Armor: Leather armour    |    40 |    11 |       ||    51
       Ring mail         |       |    29 |    32 ||    61
Dodge: Dodged            |    65 |    80 |    48 ||   193

Table legend: (Time is in decaauts)
 A = Elapsed time spent in this place.
 B = Non-inter-level travel time spent in this place.
 C = Inter-level travel time spent in this place.
 D = Time resting spent in this place.
 E = Time spent auto-exploring this place.
 F = Levels seen in this place.
 G = Mean time per level.
                   A        B        C        D        E       F      G
               +--------+--------+--------+--------+--------+-----+--------+
         Total |   5213 |   4981 |    232 |   1219 |   2767 |   6 |  868.8 |
       Dungeon |   5213 |   4981 |    232 |   1219 |   2767 |   6 |  868.8 |
               +--------+--------+--------+--------+--------+-----+--------+

Top non-repeatable levels by time:
     D:5: 1571 daAuts
     D:2: 972 daAuts
     D:4: 923 daAuts
     D:1: 915 daAuts
     D:3: 647 daAuts
     D:6: 182 daAuts
